 Dungeon Crawl Stone Soup version 0.30-a0-626-gd6a5dd7a1f (webtiles) character file.

Game seed: 322229439329695775

100 testman the Sneak (level 5, -9/28 HPs)
             Began as a Kobold Enchanter on Jan 11, 2023.
             Mangled by bmack86's ghost (16 damage)
             ... on level 3 of the Dungeon.
             The game lasted 00:07:42 (1937 turns).

testman the Sneak (Kobold Enchanter)                Turns: 1937, Time: 00:07:43

Health: -9/28      AC:  4    Str:  5    XL:     5   Next: 3%
Magic:  9/9        EV: 15    Int: 24    God:
Gold:   125        SH:  5    Dex: 16    Spells: 1/9 levels left

rFire   . . .      SeeInvis .    a - +1 dagger
rCold   . . .      Faith    .    (no shield)
rNeg    + . .      Spirit   .    s - +1 robe of Starshine {rN+}
rPois   .          Reflect  +    p - +0 helmet
rElec   .          Harm     .    (no cloak)
rCorr   .          Rampage  .    (no gloves)
Will    .....                    (no boots)
Stlth   ++++                     q - amulet of reflection
HPRegen 0.24/turn                u - +6 ring of intelligence
MPRegen 0.11/turn                (no ring)

@: invisible
A: small, no large weapons, nightstalker 3
a: no special abilities


You were on level 3 of the Dungeon.
You visited 1 branch of the dungeon, and saw 3 of its levels.

You collected 125 gold pieces.

Inventory:

Hand Weapons
 a - a +1 dagger (weapon)
Missiles
 t - 5 curare-tipped darts
Armour
 p - a +0 helmet (worn)
 s - the +1 robe of Starshine (worn) {rN+}
   (You found it on level 3 of the Dungeon)

   rN:        It protects you from negative energy.
Jewellery
 q - an amulet of reflection (around neck)
 u - a +6 ring of intelligence (left hand)
Scrolls
 b - a scroll of fear {unknown}
 d - a scroll of immolation {unknown}
 f - a scroll of blinking {unknown}
 g - a scroll of teleportation {unknown}
 j - 4 scrolls of identify {unknown}
 l - a scroll of noise {unknown}
 n - a scroll of enchant weapon {unknown}
 o - a scroll of vulnerability {unknown}
 r - a scroll of brand weapon {unknown}
Potions
 c - 2 potions of invisibility
 e - 3 potions of curing {unknown}
 h - 2 potions of heal wounds {unknown}
 i - a potion of resistance {unknown}
 k - 2 potions of lignification {unknown}
 m - a potion of flight {unknown}


   Skills:
 + Level 3.2 Short Blades
 - Level 2.4 Dodging
 + Level 5.2 Stealth
 + Level 2.8 Spellcasting
 + Level 3.5 Hexes
 - Level 1.0 Ice Magic


You had one spell level left.
You knew the following spells:

 Your Spells              Type           Power      Damage    Failure   Level
a - Ensorcelled Hibernat  Hex/Ice        28%        N/A       7%          2
b - Confusing Touch       Hex            20%        N/A       8%          3
c - Tukima's Dance        Hex            20%        N/A       8%          3

Your spell library contained the following spells:

 Spells                   Type           Power      Damage    Failure   Level
 Dazzling Flash           Conj/Hex       22%        N/A       16%         3
 Sublimation of Blood     Necr           3%         N/A       17%         2
 Petrify                  Tmut/Erth      3%         N/A       73%         4
 Irradiate                Conj/Tmut      1%         3d12      97%         5


Dungeon Overview and Level Annotations

Branches:
Dungeon (3/15)

Altars:

Shops:
D:1 *   D:3 [

Annotations:
D:3 bmack86's ghost, amateur MiFi


Innate Abilities, Weirdness & Mutations

You are small and have problems with some larger weapons.
You are completely attuned to the shadows.


Message History

Okay, then.
You closely miss bmack86's ghost.
You hit bmack86's ghost but do no damage.
Bmack86's ghost hits you!
Ouch! That really hurt!
You hit bmack86's ghost but do no damage.
Bmack86's ghost barely misses you.
You hit bmack86's ghost but do no damage.
Bmack86's ghost misses you.
You completely miss bmack86's ghost. Bmack86's ghost completely misses you.
You hit bmack86's ghost but do no damage.
Bmack86's ghost barely misses you.
You barely miss bmack86's ghost.
You hit bmack86's ghost but do no damage.
You block bmack86's ghost's attack.
You hit bmack86's ghost but do no damage.
You block bmack86's ghost's attack.
You hit bmack86's ghost but do no damage.
Bmack86's ghost barely misses you.
You hit bmack86's ghost but do no damage.
Bmack86's ghost completely misses you.
You hit bmack86's ghost but do no damage.
You block bmack86's ghost's attack.
You hit bmack86's ghost but do no damage.
You barely miss bmack86's ghost.
Bmack86's ghost shrieks, "They lied to you.
The Dungeon just goes down and down forever."
Bmack86's ghost misses you.
You closely miss bmack86's ghost. Bmack86's ghost hits you!
* * * LOW HITPOINT WARNING * * *
You hit bmack86's ghost but do no damage.
Bmack86's ghost misses you.
You fade into invisibility!
Bmack86's ghost hits you but does no damage.
You hit bmack86's ghost but do no damage.
Bmack86's ghost barely misses you.
You hit bmack86's ghost but do no damage.
Bmack86's ghost boasts, "I have defeated monsters you have never seen."
Bmack86's ghost hits you!
Ouch! That really hurt!
You die...

.†.........# #.#.#.##.......#
#..........#######.#..<.........#
.......................#....>....
#..........####....#.#...........
##...[....## ####.#.###.....(...
#..........# #...##..........
#..........# #####.............
#..........#####.........#..#####
#..............W@###.###....## #.
.....|.....####### #.##..#...###.
#.........## #.##.###......
..........##### ##.#..####.....
#.....###.....# #..........##.[
##..#...##..#######.#.#######....
###........## ##....#.......<..#.
#....##....####..#..#..........##
..#####..#..#......##..........#


You could see bmack86's ghost (unable to see you).

Vanquished Creatures
  3 adders
  A gnoll (D:1)
  3 worms (D:3)
  A dart slug (D:1)
  2 bats
  6 endoplasms
  A giant cockroach (D:2)
  2 goblins (D:1)
  4 hobgoblins (D:1)
  4 jackals (D:3)
  A quokka (D:3)
  8 ball pythons
  2 frilled lizards
  9 kobolds
  5 rats
52 creatures vanquished.

Notes
Turn   | Place    | Note
-------+----------+-------------------------------------------
     0 | D:1      | testman the Kobold Enchanter began the quest for the Orb.
     0 | D:1      | Reached XP level 1. HP: 10/10 MP: 3/3
    40 | D:1      | Reached XP level 2. HP: 15/15 MP: 5/5
   202 | D:1      | Reached XP level 3. HP: 19/19 MP: 6/6
   205 | D:1      | Learned a level 2 spell: Ensorcelled Hibernation
   362 | D:1      | Found Esuec's Assorted Antiques.
   833 | D:2      | Reached skill level 1 in Ice Magic
   833 | D:2      | Reached XP level 4. HP: 19/24 MP: 3/7
   943 | D:2      | Found a faded altar of an unknown god.
  1128 | D:2      | Reached skill level 5 in Stealth
  1391 | D:3      | Found Udyonnar's Antique Armour Shoppe.
  1435 | D:3      | Identified the +1 robe of Starshine {rN+}
  1489 | D:3      | Learned a level 3 spell: Confusing Touch
  1493 | D:3      | Learned a level 3 spell: Tukima's Dance
  1611 | D:3      | Found a runed translucent door.
  1614 | D:3      | Noticed bmack86's ghost (amateur MiFi)
  1894 | D:3      | Reached XP level 5. HP: 24/28 MP: 5/9
  1937 | D:3      | Mangled by bmack86's ghost

Illustrated notes

Levels and vault maps discovered:
D:1:      wander_arrival_abandoned_jail, layout_loops_ring, serial_shops,
          nicolae_shop_trees
D:2:      layout_rooms, dreamdust_ecumenical_altar_grove,
          nicolae_figureground_sparkle
D:3:      layout_rooms, ebering_ghost_sewer_d, serial_shops,
          nicolae_shop_crystal

Skill      XL: |  1  2  3  4 |
---------------+-------------+-----
Short Blades   | 2 3 |  3.2
Ice Magic      | 1 |  1.0
Stealth        | 5 |  5.2
Dodging        | |  2.4
Spellcasting   | |  2.8
Hexes          | |  3.5

Action                   |  1- 3 |  4- 6 || total
-------------------------+-------+-------++-------
Melee: Dagger            |    50 |    92 ||   142
       Punch             |     1 |       ||     1
 Cast: Ensorcelled Hiber |     3 |     1 ||     4
       Confusing Touch   |       |     1 ||     1
  Use: Potion            |       |     1 ||     1
 Stab: Sleeping          |    25 |    10 ||    35
       Distracted        |       |     1 ||     1
Armor: Robe              |       |    11 ||    11
Dodge: Dodged            |    16 |    68 ||    84
Block: Other             |       |     9 ||     9

Table legend: (Time is in decaauts)
 A = Elapsed time spent in this place.
 B = Non-inter-level travel time spent in this place.
 C = Inter-level travel time spent in this place.
 D = Time resting spent in this place.
 E = Time spent auto-exploring this place.
 F = Levels seen in this place.
 G = Mean time per level.
                   A        B        C        D        E       F      G
               +--------+--------+--------+--------+--------+-----+--------+
         Total |   1918 |   1861 |     57 |      0 |   1419 |   3 |  639.3 |
       Dungeon |   1918 |   1861 |     57 |      0 |   1419 |   3 |  639.3 |
               +--------+--------+--------+--------+--------+-----+--------+

Top non-repeatable levels by time:
     D:1: 726 daAuts
     D:2: 606 daAuts
     D:3: 584 daAuts
